 Dungeon Crawl Stone Soup version 0.28.0 (webtiles) character file.

Game seed: 3232551693274119287

967 bande the Chopper (level 8, -7/49 HPs)
             Began as a Gargoyle Fighter on Feb 8, 2022.
             Was an Initiate of Okawaru.
             Mangled by a shadow (10 damage)
             ... on level 6 of the Dungeon.
             The game lasted 00:10:07 (5981 turns).

bande the Chopper (Gargoyle Fighter)                Turns: 5981, Time: 00:10:08

Health: -7/49      AC: 17    Str: 21    XL:     8   Next: 15%
Magic:  8/8        EV:  7    Int:  8    God:    Okawaru [......]
Gold:   273        SH:  5    Dex: 11    Spells: 7/7 levels left

rFire   . . .      SeeInvis .   a - +0 war axe
rCold   . . .      Faith    .   c - +0 buckler
rNeg    + . .      Spirit   .   e - +0 chain mail
rPois   ∞          Reflect  .   (no helmet)
rElec   +          Harm     .   (no cloak)
rCorr   .          Rampage  .   (no gloves)
Will    .....                   j - +1 pair of boots
Stlth   ..........              (no amulet)
HPRegen 0.16/turn               (no ring)
MPRegen 0.11/turn               (no ring)

@: no status effects
A: sickness immunity, AC +5, negative energy resistance 1, electricity
resistance, torment resistance 1, petrification resistance
a: Renounce Religion


You were on level 6 of the Dungeon.
You worshipped Okawaru.
Okawaru was noncommittal.
You visited 2 branches of the dungeon, and saw 7 of its levels.

You collected 273 gold pieces.

Inventory:

Hand Weapons
 a - a +0 war axe (weapon)
 l - a +2 flail of holy wrath
Armour
 c - a +0 buckler (worn)
 e - a +0 chain mail (worn)
 j - a +1 pair of boots (worn)
Jewellery
 p - a +6 ring of strength
Wands
 s - a wand of iceblast (9)
Scrolls
 f - a scroll of fear
 g - 4 scrolls of teleportation
Potions
 b - 2 potions of flight
 d - a potion of might
 i - a potion of ambrosia {unknown}
 k - a potion of cancellation {unknown}
 m - 3 potions of curing
 o - a potion of heal wounds {unknown}
 q - a potion of haste {unknown}
 r - a potion of brilliance {unknown}


   Skills:
 + Level 5.0 Fighting
 + Level 6.0 Axes
 + Level 5.5 Armour
 + Level 4.4 Shields
 * Level 0.5 Invocations
 * Level 2.0 Evocations


You had 7 spell levels left.
You didn't know any spells.
Your spell library contained the following spells:

 Spells                   Type           Power      Damage    Failure   Level
 Pain                     Necr           0%         1d4       99%         1
 Sandblast                Erth           0%         2d4       99%         1
 Sting                    Tmut/Pois      0%         1d3       99%         1
 Passwall                 Tmut/Erth      0%         N/A       100%        2
 Poisonous Vapours        Pois/Air       0%         N/A       100%        2
 Stone Arrow              Conj/Erth      0%         3d7       100%        3
 Vampiric Draining        Necr           0%         2d6       100%        3
 Olgreb's Toxic Radiance  Pois           0%         N/A       100%        4
 Animate Skeleton         Necr           Unusable   N/A       N/A         1

Dungeon Overview and Level Annotations

Branches:
Dungeon (6/15)             Temple (1/1) D:5

Altars:
Elyvilon
Gozag
Hepliaklqana
Makhleb
Nemelex Xobeh
Okawaru
Qazlal
Vehumet
Wu Jian
Xom
Yredelemnul

Shops:
D:4 *


Innate Abilities, Weirdness & Mutations

You are immune to sickness and miasma.
Your stone body is resilient. (AC +5)
You are immune to poison.
You resist negative energy. (rN+)
You are resistant to electric shocks. (rElec)
You are resistant to unholy torment.
You are immune to petrification.


Message History

The shadow flickers and vanishes!
Deactivating autopickup; reactivate with Ctrl-A.
No target in view!
No target in view!
No target in view!
No target in view!
No target in view!
No target in view!
No target in view!
No target in view!
No target in view!
You closely miss something.
The shadow strikes at you from the darkness!
Reactivating autopickup.
You slash the shadow!
The shadow is almost destroyed.
The shadow closely misses you.
The shadow slips into darkness.
The shadow flickers and vanishes!
Deactivating autopickup; reactivate with Ctrl-A.
You miss something.
The shadow strikes at you from the darkness!
Ouch! That really hurt!
* * * LOW HITPOINT WARNING * * *
Reactivating autopickup.
You hit the shadow but do no damage.
The shadow is almost destroyed.
The shadow slips into darkness.
The shadow flickers and vanishes!
Deactivating autopickup; reactivate with Ctrl-A.
You hit something.
The shadow strikes at you from the darkness!
Reactivating autopickup.
You barely miss the shadow.
The shadow is almost destroyed.
The shadow slips into darkness.
The shadow flickers and vanishes!
Deactivating autopickup; reactivate with Ctrl-A.
The shadow strikes at you from the darkness!
You die...

#############.#######
...............
#########.#######
...........#########
....................
..[.....############
#######.#..:.......
#.#...{..$...
#####+#'#..@#
............#####
..............!.$.
####........######
#......#.# #......#.#
#......#.#
.......<#.#
#.......##.#


There were no monsters in sight!

Vanquished Creatures
  Menkaure (D:4)
  A black bear (D:5)
  A necrophage (D:5)
  4 scorpions
  A howler monkey (D:6)
  An orc priest (D:5)
  2 hounds (D:5)
  A bullfrog skeleton (D:5)
  2 iguanas (D:5)
  An orc wizard (D:4)
  A howler monkey zombie (D:5)
  A gnoll (D:4)
  7 adders
  An ufetubus (D:3)
  6 dart slugs
  10 orcs
  9 ball pythons
  8 endoplasms
  3 giant cockroaches (D:1)
  6 hobgoblins
  7 jackals
  6 quokkas
  5 bats
  4 frilled lizards
  4 goblins
  7 kobolds
  3 rats
103 creatures vanquished.

Notes
Turn   | Place    | Note
-------+----------+-------------------------------------------
     0 | D:1      | bande the Gargoyle Fighter began the quest for the Orb.
     0 | D:1      | Reached XP level 1. HP: 14/14 MP: 1/1
   180 | D:1      | Reached XP level 2. HP: 19/19 MP: 2/2
   654 | D:1      | Reached skill level 2 in Axes
   654 | D:1      | Reached XP level 3. HP: 24/24 MP: 3/3
  1371 | D:2      | You fall into a shaft and drop 2 floors!
  1489 | D:4      | Reached XP level 4. HP: 16/29 MP: 4/4
  1759 | D:4      | Noticed Menkaure
  1771 | D:4      | Killed Menkaure
  1772 | D:4      | Reached skill level 3 in Axes
  1772 | D:4      | Reached XP level 5. HP: 14/33 MP: 5/5
  2535 | D:3      | Found a white marble altar of Elyvilon.
  3130 | D:3      | Reached XP level 6. HP: 29/38 MP: 6/6
  3377 | D:3      | Reached skill level 4 in Axes
  3626 | D:3      | Found a radiant altar of Vehumet.
  3626 | D:3      | Found a hazy altar of Hepliaklqana.
  4084 | D:4      | Found Rineanoa's Elemental Accessories.
  4154 | D:4      | Reached skill level 5 in Armour
  4719 | D:5      | Entered Level 5 of the Dungeon
  4723 | D:5      | Reached XP level 7. HP: 41/44 MP: 7/7
  4808 | D:5      | Reached skill level 5 in Axes
  5023 | D:5      | Reached skill level 1 in Evocations
  5389 | D:5      | Found a staircase to the Ecumenical Temple.
  5416 | D:5      | Reached XP level 8. HP: 45/48 MP: 8/8
  5459 | Temple   | Entered the Ecumenical Temple
  5509 | Temple   | Became a worshipper of Warmaster Okawaru
  5945 | D:6      | Reached skill level 5 in Fighting
  5945 | D:6      | Reached skill level 6 in Axes
  5967 | D:6      | Noticed a shadow
  5981 | D:6      | Mangled by a shadow

Illustrated notes

Levels and vault maps discovered:
D:1:      psy_arrival_dodecagon, layout_loops_ring
D:2:      layout_loops_ring
D:3:      layout_loops_ring, amethyst_overflow_temple_binary, elyvilon_altar_4,
          minmay_cupped
D:4:      layout_basic, nicolae_elemental_shop, st_stairs_4, minmay_vboxes,
          uniq_menkaure
D:5:      layout_basic, minmay_temple_entry_proselytizer, chequers_arboretum,
          chequers_garden, hangedman_abyss_or_decor_passed
D:6:      layout_basic, chequers_serial_rivers_room_a
Temple:   mainiacjoe_temple_coin_purse

Skill      XL: |  1  2  3  4  5  6  7  8 |
---------------+-------------------------+-----
Axes           | 2 3 4 5 6 |  6.0
Fighting       | 4 5 |  5.0
Armour         | 4 5 |  5.5
Shields        | 4 |  4.4
Evocations     | 1 2 |  2.0
Invocations    | |  0.5

Action                   |  1- 3 |  4- 6 |  7- 9 || total
-------------------------+-------+-------+-------++-------
Melee: War axe           |   117 |   170 |    95 ||   382
  Use: Scroll            |     5 |     1 |     6 ||    12
Armor: Scale mail        |    40 |       |       ||    40
       Chain mail        |    31 |   144 |    82 ||   257
Dodge: Dodged            |    60 |    63 |    42 ||   165
Block: Buckler           |    29 |    51 |    37 ||   117
